Map: Abyssal Reef LE

Players

FisterRoboto

  • Race: Zerg Zerg
  • League: Diamond
  • Spawn Location: 11:00

A.I. 1 (Very Easy)

  • Race: Protoss Protoss
  • Spawn Location: 5:00

VOD

Have the link to the VOD?

Description

Practice game vs AI to refine build

Time

  • Played on: Sept. 5, 2017, 9:05 p.m.
  • Length: 15:50
Show
View Real Time Build Order
Export as new Build Order

FisterRoboto Zerg 

Build Orders: Hatch First 

Get SALT Encoding   

  1  0:00  Lair, Overlord, Drone x12  
    0:10  Drone  
  13  0:20  Overlord  
  13  0:25  Drone  
  14  0:39  Drone x2  
  16  0:45  Drone  
  17  1:02  Hatchery  
  16  1:04  Drone  
  16  1:07  Drone  
  18  1:20  Extractor  
  18  1:23  Spawning Pool  
  16  1:26  Drone  
  16  1:29  Drone  
  18  1:37  Drone  
  19  1:49  Drone  
  20  1:58  Overlord  
  20  2:09  Queen  
  20  2:13  Queen  
  20  2:14  Zergling x2  
  20  2:15  Zergling x2  
  26  2:19  Drone  
  27  2:23  Metabolic Boost  
  27  2:25  Drone  
  28  2:41  Hatchery  
  27  2:47  Drone x2  
  29  2:52  Overlord  
  29  2:55  Drone  
  29  2:56  Drone  
  29  2:58  Drone  
  32  3:03  Drone  
  33  3:09  Drone  
  34  3:13  Drone  
  34  3:18  Drone  
  36  3:24  Drone  
  36  3:26  Drone x5  
  42  3:32  Overlord  
  42  3:34  Overlord  
  42  3:36  Queen  
  44  3:53  Queen  
  46  3:57  Drone x5  
  46  4:02  Drone x6  
  57  4:07  Evolution Chamber  
  57  4:08  Drone  
  57  4:10  Evolution Chamber, Drone  
  57  4:18  Drone x2  
  57  4:22  Overlord  
  59  4:26  Overlord x2  
  59  4:34  Queen  
  59  4:36  Queen  
  59  4:37  Zerg Melee Weapons Level 1  
  63  4:38  Zerg Ground Armor Level 1  
  63  4:43  Zergling x6  
  63  4:44  Zergling x2  
  67  4:50  Zergling x10  
  72  4:53  Zergling x2  
  72  4:58  Zergling x2  
  74  5:00  Zergling x2  
  74  5:06  Zergling x14  
  82  5:07  Overlord x3  
  82  5:16  Overlord x2  
  82  5:17  Overlord  
  82  5:25  Queen  
  84  5:32  Drone x4  
  88  5:36  Drone  
  88  5:37  Drone x6  
  95  5:58  Overlord x3  
  95  5:59  Drone x4  
  95  6:03  Lair  
  99  6:04  Extractor  
  99  6:06  Extractor x2  
  99  6:07  Drone x7  
  103  6:19  Hatchery  
  103  6:21  Hatchery  
  103  6:25  Extractor  
  100  6:26  Drone x3  
  100  6:27  Extractor, Drone x3  
  105  6:40  Baneling Nest  
  105  6:41  Zergling x20  
  114  7:06  Hydralisk Den  
  114  7:07  Zerg Melee Weapons Level 2  
  114  7:08  Zerg Ground Armor Level 2  
  113  7:11  Drone x7  
  113  7:12  Drone x4  
  113  7:13  Overlord x2, Drone  
  113  7:14  Overlord x3  
  125  7:39  Centrifical Hooks, Muscular Augments  
  125  7:44  Hydralisk x9  
  125  7:46  Zergling x20  
  125  7:49  Queen  
  155  8:17  Overlord x4  
  155  8:18  Hydralisk x6  
  155  8:19  Zergling x12  
  177  8:20  Zergling x10  
  177  8:24  Zergling x10  
  177  8:26  Baneling  
  177  8:27  Baneling x9  
  183  8:32  Zergling x4  
  185  8:37  Infestation Pit  
  185  8:38  Spire  
  185  8:39  Zergling x8  
  187  8:47  Hatchery  
  187  8:48  Zergling x12  
  187  8:49  Zergling x12  
  187  8:51  Zergling x4  
  200  9:13  Zergling x4  
Show
View Real Time Build Order
Export as new Build Order

A.I. 1 (Very Easy) Protoss 

Build Orders:  

Get SALT Encoding   

  1  0:00  Probe x12 (Chrono Boost)  
    0:07  Unknown  
    0:10  Probe (Chrono Boost)  
  13  0:21  Probe (Chrono Boost)  
  14  0:28  Pylon  
  14  0:31  Probe (Chrono Boost)  
  15  0:46  Probe (Chrono Boost)  
  16  0:56  Probe (Chrono Boost)  
  17  1:07  Probe (Chrono Boost)  
  18  1:13  Nexus  
  18  1:23  Gateway  
  18  1:27  Assimilator  
  18  1:36  Pylon  
  18  1:55  Assimilator  
  18  2:07  Probe (Chrono Boost)  
  19  2:12  Cybernetics Core  
  19  2:17  Probe (Chrono Boost)  
  20  2:35  Warp Gate  
  20  2:47  Stalker  
  22  5:20  Zealot  
  24  5:22  Pylon, Probe (Chrono Boost)  
  25  5:28  Robotics Facility  
  25  5:30  Probe (Chrono Boost)  
  25  5:32  Nexus  
  26  5:38  Probe (Chrono Boost)  
  27  5:44  Probe (Chrono Boost)  
  26  5:51  Probe (Chrono Boost)  
  27  5:59  Probe (Chrono Boost)  
  28  6:12  Zealot  
  28  6:14  Observer  
  31  6:35  Observer  
  32  6:45  Probe (Chrono Boost)  
  33  6:52  Assimilator x2  
  33  6:53  Probe (Chrono Boost)  
  33  7:00  Probe (Chrono Boost)  
  34  7:04  Stalker  
  34  7:06  Probe (Chrono Boost)  
  37  7:14  Probe (Chrono Boost)  
  38  7:21  Probe (Chrono Boost)  
  39  7:28  Probe (Chrono Boost)  
  40  7:35  Probe (Chrono Boost)  
  41  7:42  Probe (Chrono Boost)  
  42  7:49  Probe (Chrono Boost)  
  43  7:56  Probe (Chrono Boost)  
  44  8:04  Probe (Chrono Boost)  
  45  8:11  Probe (Chrono Boost)  
  46  8:18  Probe (Chrono Boost)  
  47  8:25  Probe (Chrono Boost)  
  48  8:58  Stalker  
  48  9:02  Probe (Chrono Boost)  
  38  9:10  Probe (Chrono Boost)  
  23  9:17  Probe (Chrono Boost)  
Tags
 
League
Diamond
Matchup
PvZ
Spawn Locations
Cross Positions
Add a new tag
Caveats
  • Supply blocks, unpowered buildings, or Contaminate may cause inaccurate times.
  • Supply counts are checked every 10 seconds.